 Dungeon Crawl Stone Soup version 0.28.0 (webtiles) character file.

Game seed: 15922929962945572349

665 Morbidden the Charlatan (level 7, 0/52 HPs)
             Began as a Demonspawn Artificer on Feb 16, 2022.
             Slain by a water moccasin (5 damage)
             ... on level 6 of the Dungeon.
             The game lasted 00:06:38 (6416 turns).

Morbidden the Charlatan (Demonspawn Artificer)      Turns: 6416, Time: 00:06:39

Health: 0/52       AC:  7    Str: 14    XL:     7   Next: 31%
Magic:  7/7        EV: 11    Int: 13    God:
Gold:   147        SH:  0    Dex: 17    Spells: 6/6 levels left

rFire   . . .      SeeInvis .   a - +0 dagger (protect)
rCold   + . .      Faith    .   (no shield)
rNeg    . . .      Spirit   .   l - +2 ring mail {rC+}
rPois   .          Reflect  .   (no helmet)
rElec   .          Harm     .   (no cloak)
rCorr   .          Rampage  .   (no gloves)
Will    .....                   (no boots)
Stlth   ++++......              (no amulet)
HPRegen 0.17/turn               (no ring)
MPRegen 0.10/turn               (no ring)

@: lethally poisoned (0 -> -12)
A: hooves 2, thin skeletal structure 2, foul stench 1
a: no special abilities


You were on level 6 of the Dungeon.
You visited 2 branches of the dungeon, and saw 8 of its levels.

You collected 147 gold pieces.

Inventory:

Hand Weapons
 a - a +0 dagger of protection (weapon)
Armour
 l - a +2 ring mail of cold resistance (worn)
Wands
 c - a wand of flame (6) (quivered)
 d - a wand of charming (14)
 n - a wand of paralysis (2)
Scrolls
 b - 2 scrolls of enchant armour {unknown}
 g - a scroll of fog {unknown}
 k - 3 scrolls of teleportation
 m - a scroll of identify {unknown}
 o - a scroll of silence {unknown}
 p - a scroll of blinking {unknown}
 q - a scroll of noise {unknown}
 s - a scroll of magic mapping {unknown}
Potions
 f - 3 potions of curing
 h - 2 potions of degeneration {unknown}
 i - a potion of cancellation {unknown}
 j - 2 potions of heal wounds {unknown}
 r - 3 potions of magic {unknown}
Miscellaneous
 e - a piece from Xom's chessboard (2/15)


   Skills:
 * Level 3.1 Fighting
 + Level 2.4 Short Blades
 + Level 0.8 Maces & Flails
 + Level 3.3 Armour
 + Level 2.6 Dodging
 + Level 2.7 Stealth
 * Level 5.0 Evocations


You had 6 spell levels left.
You didn't know any spells.
Your spell library contained the following spells:

 Spells                   Type           Power      Damage    Failure   Level
 Animate Skeleton         Necr           0%         N/A       52%         1
 Pain                     Necr           0%         1d4       52%         1
 Ensorcelled Hibernation  Hex/Ice        0%         N/A       67%         2
 Passwall                 Tmut/Erth      0%         N/A       67%         2
 Static Discharge         Conj/Air       0%         N/A       67%         2
 Swiftness                Air            0%         N/A       88%         3
 Vampiric Draining        Necr           0%         2d6       88%         3
 Dispel Undead            Necr           0%         3d6       99%         4
 Sticky Flame             Conj/Fire      0%         2d3       99%         4


Dungeon Overview and Level Annotations

Branches:
Dungeon (7/15)             Temple (1/1) D:6

Altars:
Ashenzari
Dithmenos
Elyvilon
Fedhas
Nemelex Xobeh
Okawaru
Qazlal
Sif Muna
Trog
Uskayaw
Wu Jian
Xom
Zin
The Shining One

Annotations:
D:3 2 runed translucent doors


Innate Abilities, Weirdness & Mutations

You have hoof-like feet.
You have a moderately thin skeletal structure. (Dex +4, Stealth++)
You may rarely emit foul miasma when damaged in melee.


Message History

You feel very sick.
The water moccasin bites you but does no damage.
The water moccasin bites you.
Aiming: Throw Flame
Press: ? - help, Shift-Dir - straight line, f/p - water moccasin
Aim: a water moccasin (lightly wounded, 57% to hit)
The puff of flame hits the water moccasin.
The water moccasin is moderately wounded.
You feel sick.
The water moccasin bites you but does no damage.
Aiming: Throw Flame
Press: ? - help, Shift-Dir - straight line, f/p - water moccasin
Aim: a water moccasin (moderately wounded, 57% to hit)
Okay, then.
Unknown command.
Unknown command.
Aiming: Throw Flame
Press: ? - help, Shift-Dir - straight line, f/p - water moccasin
Aim: a water moccasin (moderately wounded, 57% to hit)
The puff of flame hits the water moccasin.
The water moccasin is moderately wounded.
You feel sick.
The water moccasin bites you but does no damage.
Aiming: Throw Flame
Press: ? - help, Q - select action, (/) - cycle Shift-Dir - straight line, f/p - water moccasin
Aim: a water moccasin (moderately wounded, 57% to hit)
The puff of flame hits the water moccasin!
The water moccasin is almost dead.
You feel sick. The water moccasin bites you.
* * * LOW HITPOINT WARNING * * *
You are lethally poisoned!
The water moccasin poisons you! The water moccasin barely misses you.
Aiming: Throw Flame
Press: ? - help, Q - select action, (/) - cycle Shift-Dir - straight line, f/p - water moccasin
Aim: a water moccasin (almost dead, 57% to hit)
The puff of flame misses the water moccasin.
* * * LOW HITPOINT WARNING * * *
You feel very sick. The water moccasin bites you.
You die...

############
###..........#
#.S@......##.#
..........###.##.#
#.#.#.#.#.# #.##.#
# #.###.###.##.##
# ............#
#..##.###.##..#
..##.# #.##..#
.....# #.##..# #.
... ..##..# ##


You could see a water moccasin.

Vanquished Creatures
  A sky beast (D:6)
  An ogre (D:6)
  A bullfrog (D:6)
  2 scorpions (D:4)
  A water moccasin skeleton (D:4)
  A hound (D:6)
  A gnoll shaman (D:4)
  A howler monkey zombie (D:5)
  3 gnolls
  7 adders
  A shadow imp (D:6)
  A white imp (D:6)
  2 adder skeletons (D:4)
  3 worms
  A dart slug (D:3)
  5 orcs (D:4)
  2 endoplasms
  4 giant cockroaches
  8 goblins
  3 hobgoblins
  7 jackals
  6 kobolds
  3 quokkas
  8 ball pythons
  2 bats (D:3)
  A frilled lizard (D:1)
  8 rats
84 creatures vanquished.

Notes
Turn   | Place    | Note
-------+----------+-------------------------------------------
     0 | D:1      | Morbidden the Demonspawn Artificer began the quest for the
                  | Orb.
     0 | D:1      | Reached XP level 1. HP: 15/15 MP: 1/1
   365 | D:1      | Gained mutation: You have a somewhat thin skeletal
                  | structure. (Dex +2, Stealth+) [demonic ancestry]
   365 | D:1      | Reached XP level 2. HP: 20/21 MP: 2/2
   631 | D:1      | Reached skill level 1 in Stealth
  1496 | D:2      | Gained mutation: You have large cloven feet. [demonic
                  | ancestry]
  1496 | D:2      | Reached XP level 3. HP: 7/26 MP: 3/3
  1752 | D:2      | Reached skill level 1 in Dodging
  1882 | D:2      | Found a faded altar of an unknown god.
  2664 | D:3      | Gained mutation: You have hoof-like feet. [demonic
                  | ancestry]
  2664 | D:3      | Reached XP level 4. HP: 26/32 MP: 4/4
  2925 | D:3      | Found a large runed translucent door.
  2926 | D:3      | Found a large runed translucent door.
  2936 | D:3      | Reached skill level 4 in Evocations
  3438 | D:4      | Noticed a scorpion
  3444 | D:4      | Noticed a scorpion
  3467 | D:4      | Killed a scorpion
  3468 | D:4      | Reached skill level 1 in Short Blades
  3468 | D:4      | Reached XP level 5. HP: 22/38 MP: 5/5
  4107 | D:4      | Gained mutation: You have a moderately thin skeletal
                  | structure. (Dex +4, Stealth++) [demonic ancestry]
  4107 | D:4      | Reached XP level 6. HP: 33/44 MP: 6/6
  5019 | D:5      | Entered Level 5 of the Dungeon
  5119 | D:5      | You fall into a shaft and drop 2 floors!
  5453 | D:6      | Noticed a water moccasin
  5733 | D:6      | Found a staircase to the Ecumenical Temple.
  5758 | D:6      | Gained mutation: You may rarely emit foul miasma when
                  | damaged in melee. [demonic ancestry]
  5758 | D:6      | Reached XP level 7. HP: 18/52 MP: 7/7
  5769 | Temple   | Entered the Ecumenical Temple
  6210 | D:6      | Reached skill level 5 in Evocations
  6416 | D:6      | Slain by a water moccasin

Illustrated notes

Levels and vault maps discovered:
D:1:      dpeg_arrival_tiny_i, layout_loops_ring,
          corexii_item_surrounded_by_moat
D:2:      layout_basic, hellmonk_ecumenical_altar_run_dry
D:3:      layout_loops_ring, jmf_multi_god_temple2
D:4:      layout_basic
D:5:      layout_basic, minmay_splitting_lines, uniq_menkaure
D:6:      layout_loops_ring, grunt_temple_overflow_lords_of_destruction,
          minmay_temple_entry_statues_pillars
D:7:      layout_rooms, cheibriados_altar_1
Temple:   eino_narrow_crystal_temple

Skill      XL: |  1  2  3  4  5  6  7 |
---------------+----------------------+-----
Stealth        | 1 2 |  2.7
Armour         | 2 3 |  3.3
Dodging        | 1 2 |  2.6
Evocations     | 4 5 |  5.0
Short Blades   | 1 2 |  2.4
Fighting       | 2 3 |  3.1
Maces & Flails | |  0.8

Action                   |  1- 3 |  4- 6 |  7- 9 || total
-------------------------+-------+-------+-------++-------
Melee: Club              |    66 |       |       ||    66
       Dagger            |   127 |   244 |    40 ||   411
       Kick              |    18 |    76 |    15 ||   109
       Punch             |       |     2 |       ||     2
Evoke: Wand              |     4 |     4 |     6 ||    14
       Piece from Xom's  |     1 |    23 |     1 ||    25
  Use: Potion            |     1 |     1 |       ||     2
       Scroll            |       |     1 |       ||     1
 Stab: Sleeping          |     5 |     7 |       ||    12
       Paralysed         |       |     2 |       ||     2
       Petrified         |       |     1 |       ||     1
Armor: Leather armour    |    99 |     6 |       ||   105
       Ring mail         |       |    93 |    38 ||   131
Dodge: Dodged            |   145 |   119 |    23 ||   287
